 Dungeon Crawl Stone Soup version 0.28-b1-70-g80dc712255 (webtiles) character file.

Game seed: 13487929754841719283

391 krispywithak the Covered (level 6, 0/79 HPs)
             Began as a Minotaur Berserker on Feb 4, 2022.
             Was a Believer of Trog.
             Slain by Pikel (3 damage)
             ... on level 4 of the Dungeon.
             The game lasted 00:13:02 (5715 turns).

krispywithak the Covered (Minotaur Berserker)       Turns: 5715, Time: 00:13:03

Health: 0/79       AC: 11    Str: 24    XL:     6   Next: 50%
Magic:  5/5        EV:  9    Int:  4    God:    Trog [**....]
Gold:   119        SH:  0    Dex:  9    Spells: 5/5 levels left

rFire   . . .      SeeInvis .   s - +2 quarterstaff (chaos)
rCold   . . .      Faith    .   (shield currently unavailable)
rNeg    . . .      Spirit   .   d - +0 chain mail
rPois   .          Reflect  .   (helmet restricted)
rElec   .          Harm     .   t - +0 cloak
rCorr   .          Rampage  .   (no gloves)
Will    .....                   (no boots)
Stlth   ..........              (no amulet)
HPRegen 0.23/turn               (no ring)
MPRegen 0.09/turn               (no ring)

@: berserking (expiring), very quick
A: horns 2, retaliatory headbutt
a: Renounce Religion, Berserk, Trog's Hand


You were on level 4 of the Dungeon.
You worshipped Trog.
Trog was pleased with you.
You visited 1 branch of the dungeon, and saw 4 of its levels.

You collected 119 gold pieces.

Inventory:

Hand Weapons
 f - a +2 short sword of venom
 s - a +2 quarterstaff of chaos (weapon)
 u - a +0 mace of protection
Missiles
 e - 106 stones (quivered)
 h - 3 javelins
 i - 55 bolts
 q - 3 curare-tipped darts
 v - 15 arrows
Armour
 b - a +0 animal skin
 d - a +0 chain mail (worn)
 t - a +0 cloak (worn)
Jewellery
 c - a ring of protection from cold
Wands
 x - a wand of acid (4)
 y - a wand of digging (6)
Scrolls
 a - a scroll of enchant armour {unknown}
 j - a scroll of silence {unknown}
 k - 2 scrolls of amnesia {unknown}
 l - a scroll of fog {unknown}
 m - a scroll of identify {unknown}
 n - a scroll of teleportation {unknown}
 o - a scroll of immolation {unknown}
 p - a scroll of enchant weapon {unknown}
Potions
 g - a potion of haste {unknown}
 r - a potion of might {unknown}
 w - a potion of mutation {unknown}
 z - a potion of curing {unknown}


   Skills:
 + Level 4.6 Fighting
 + Level 3.7 Short Blades
 + Level 4.4(4.6) Maces & Flails
 + Level 1.5(3.2) Staves
 + Level 0.1 Throwing
 + Level 4.9 Armour
 + Level 2.7 Dodging
 + Level 1.1 Stealth


You had 5 spell levels left.
You didn't know any spells.
Your spell library contained the following spells:

 Spells                   Type           Power      Damage    Failure   Level
 Ensorcelled Hibernation  Hex/Ice        0%         N/A       99%         2
 Poisonous Vapours        Pois/Air       0%         N/A       99%         2
 Static Discharge         Conj/Air       0%         N/A       99%         2
 Spider Form              Tmut/Pois      0%         N/A       100%        3
 Anguish                  Hex/Necr       0%         N/A       100%        4
 Dispel Undead            Necr           0%         3d6       100%        4
 Sticky Flame             Conj/Fire      0%         2d3       100%        4
 Necromutation            Tmut/Necr      0%         N/A       100%        8


Dungeon Overview and Level Annotations

Branches:
Dungeon (4/15)
 Temple: D:4-7

Altars:
Xom

Annotations:
D:4 Pikel


Innate Abilities, Weirdness & Mutations

You have a pair of horns on your head.
You reflexively headbutt those who attack you in melee.


Message History

Pikel misses you. You furiously retaliate!
You headbutt Pikel. The lemure hits you.
You hit the lemure. You headbutt the lemure!
The lemure is moderately wounded.
Pikel says, "You'll make a fine lemure."
Pikel hits you with a +2 whip of flaming!
Pikel burns you.
* * * LOW HITPOINT WARNING * * *
The lemure barely misses you. The lemure closely misses you.
A red film seems to cover your vision as you go berserk!
You feel yourself moving faster!
You feel mighty!
Pikel hits you with a +2 whip of flaming.
* * * LOW HITPOINT WARNING * * *
Pikel burns you.
* * * LOW HITPOINT WARNING * * *
The lemure hits you.
* * * LOW HITPOINT WARNING * * *
The lemure hits you but does no damage.
Okay, then.
You hit the lemure. You freeze the lemure.
The lemure is heavily wounded.
Pikel hits you but does no damage. The lemure hits you but does no damage.
You closely miss the lemure.
The lemure is heavily wounded.
The lemure hits you.
* * * LOW HITPOINT WARNING * * *
Pikel hits you but does no damage. The lemure hits you.
* * * LOW HITPOINT WARNING * * *
You hit the lemure. You freeze the lemure.
The lemure is severely wounded.
The lemure hits you but does no damage. Pikel barely misses you.
You furiously retaliate!
You headbutt Pikel! You sock the lemure!
You kill the lemure!
That felt strangely unrewarding.
The lemure closely misses you. You furiously retaliate!
You headbutt the lemure!
Pikel hits you with a +2 whip of flaming.
* * * LOW HITPOINT WARNING * * *
Pikel burns you.
You die...

)...................#
.............######.#
.............######.#
.............#......#
.#'####......#.########.
.#.# #......#.# .......
.#.# #.[....#.# .......
.#.# #......#.##5......
.#.# ########..@5......
.#.# ####K...... #.#
#...... #.# ###### #.#
#.# #.# #.# #.#


You could see Pikel and 2 lemures.

Vanquished Creatures
  Grinder (D:4)
  2 lemures (D:4)
  A hound (D:4)
  Crazy Yiuf (D:3)
  Natasha (D:4)
  5 adders
  2 worms
  4 dart slugs
  5 ball pythons
  2 endoplasms
  5 giant cockroaches
  4 goblins (D:1)
  5 hobgoblins
  2 jackals (D:2)
  4 kobolds
  3 bats
  4 frilled lizards
  8 rats
59 creatures vanquished.

Vanquished Creatures (others)
  A fungus (D:3)
1 creature vanquished.

Grand Total: 60 creatures vanquished

Notes
Turn   | Place    | Note
-------+----------+-------------------------------------------
     0 | D:1      | krispywithak the Minotaur Berserker began the quest for the
                  | Orb.
     0 | D:1      | Reached XP level 1. HP: 19/19 MP: 0/0
   843 | D:1      | Reached XP level 2. HP: 27/27 MP: 1/1
  2494 | D:2      | Reached XP level 3. HP: 33/33 MP: 2/2
  2933 | D:2      | Found a faded altar of an unknown god.
  3171 | D:2      | Found a shimmering altar of Xom.
  3332 | D:2      | Reached XP level 4. HP: 41/41 MP: 3/3
  3385 | D:2      | Reached ** piety under Trog
  3489 | D:3      | Reached skill level 1 in Stealth
  3533 | D:3      | Reached skill level 1 in Short Blades
  4231 | D:3      | Found a runed translucent door.
  4232 | D:3      | Noticed Crazy Yiuf
  4239 | D:3      | Killed Crazy Yiuf
  5312 | D:4      | Got the Handbook of Doomed Flight
  5361 | D:4      | Noticed Natasha
  5366 | D:4      | Killed Natasha
  5367 | D:4      | Reached XP level 5. HP: 44/47 MP: 4/4
  5590 | D:4      | Noticed Grinder
  5592 | D:4      | Paralysed by Grinder for 3 turns
  5606 | D:4      | Killed Grinder
  5607 | D:4      | Reached skill level 1 in Staves
  5607 | D:4      | Reached XP level 6. HP: 43/53 MP: 5/5
  5701 | D:4      | Noticed Pikel
  5715 | D:4      | HP: 3/79 [Pikel (6)]
  5715 | D:4      | Slain by Pikel

Illustrated notes

Levels and vault maps discovered:
D:1:      dpeg_arrival_snail, layout_loops_ring
D:2:      layout_basic, ebering_ecumenical_altar_sacrificial, basic_altar
D:3:      layout_basic, uniq_crazy_yiuf_cottage
D:4:      layout_basic, minmay_bent, uniq_menkaure, uniq_grinder, uniq_natasha,
          uniq_pikel

Skill      XL: |  1  2  3  4  5 |
---------------+----------------+-----
Maces & Flails | 4 |  4.4
Fighting       | 4 |  4.6
Armour         | 3 4 |  4.9
Stealth        | 1 |  1.1
Short Blades   | 2 3 |  3.7
Staves         | 1 |  1.5
Throwing       | |  0.1
Dodging        | |  2.7

Action                   |  1- 3 |  4- 6 || total
-------------------------+-------+-------++-------
Melee: Mace              |    17 |       ||    17
       Headbutt          |    11 |    14 ||    25
       Short sword       |    57 |    23 ||    80
       Quarterstaff      |       |    45 ||    45
       Punch             |       |     1 ||     1
Throw: Stone             |     4 |     7 ||    11
Invok: Berserk           |     1 |     2 ||     3
       Trog's Hand       |       |     1 ||     1
 Stab: Sleeping          |     1 |       ||     1
Armor: Animal skin       |     2 |       ||     2
       Chain mail        |    40 |    44 ||    84
Dodge: Dodged            |    41 |    33 ||    74
